 Dungeon Crawl Stone Soup version 0.29.0-11-gd7f09526c8 (webtiles) character file.

Game seed: 5437339655703072192

93 night the Conjurer (level 4, -3/33 HPs)
             Began as a Draconian Conjurer on Sept 5, 2022.
             Slain by a gnoll
             ... wielding a +0 halberd
              (8 damage)
             ... on level 2 of the Dungeon.
             The game lasted 00:02:15 (1049 turns).

night the Conjurer (Draconian Conjurer)             Turns: 1049, Time: 00:02:15

Health: -3/33      AC:  5    Str:  9    XL:     4   Next: 37%
Magic:  2/9        EV: 12    Int: 21    God:
Gold:   78         SH:  0    Dex:  9    Spells: 6/9 levels left

rFire   . . .      SeeInvis .   c - +0 mace
rCold   . . .      Faith    .   (no shield)
rNeg    . . .      Spirit   .   (body armour unavailable)
rPois   .          Reflect  .   (helmet restricted)
rElec   .          Harm     .   (no cloak)
rCorr   .          Rampage  .   (no gloves)
Will    .....                   (no boots)
Stlth   ++........              (no amulet)
HPRegen 0.11/turn               (no ring)
MPRegen 0.11/turn               (no ring)

@: no status effects
A: AC +5, unfitting armour, cold-blooded
a: no special abilities


You were on level 2 of the Dungeon.
You visited 1 branch of the dungeon, and saw 2 of its levels.

You collected 78 gold pieces.

Inventory:

Hand Weapons
 c - a +0 mace (weapon)
 e - a +0 rapier
Missiles
 b - 20 stones
Scrolls
 g - a scroll of enchant weapon {unknown}
 h - a scroll of enchant armour
Potions
 a - a potion of magic
 d - 2 potions of heal wounds {unknown}
 f - 2 potions of brilliance {unknown}


   Skills:
 - Level 1.7 Dodging
 - Level 1.7 Stealth
 + Level 3.3 Spellcasting
 + Level 5.0 Conjurations


You had 6 spell levels left.
You knew the following spells:

 Your Spells              Type           Power      Damage    Failure   Level
a - Magic Dart            Conj           96%        1d7       1%          1
b - Searing Ray           Conj           48%        2d6       2%          2

Your spell library contained the following spells:

 Spells                   Type           Power      Damage    Failure   Level
 Foxfire                  Conj/Fire      56%        2x1d6     4%          1
 Dazzling Flash           Conj/Hex       28%        N/A       14%         3
 Fulminant Prism          Conj/Hex       7%         3d7       41%         4
 Iskenderun's Mystic Bla  Conj/Tloc      14%        2d5       41%         4


Dungeon Overview and Level Annotations

Branches:
Dungeon (2/15)

Altars:


Innate Abilities, Weirdness & Mutations

Your plain brown scales are hard. (AC +5)
You cannot fit into any form of body armour.
You are cold-blooded and may be slowed by cold attacks.


Message History

The magic dart hits the gnoll but does no damage.
The gnoll is lightly wounded.
Casting: Magic Dart (safe; 1% risk of failure)
Confirm with . or Enter, or press ? or * to list all spells.
Aiming: Magic Dart (safe; 1% risk of failure)
Press: ? - help, Shift-Dir - straight line, f/p - gnoll
Aim: a gnoll, wielding a +0 whip, wearing a +0 chain mail and quivering stones (lightly wounded, 100% to hit)
The magic dart hits the gnoll but does no damage.
The gnoll is lightly wounded.
You hit the gnoll but do no damage.
The gnoll is lightly wounded.
The gnoll hits you with a +0 whip.
A gnoll comes into view. It is wielding a +0 halberd.
The gnoll shouts!
You hit the gnoll.
The gnoll is heavily wounded.
You hear a shout!
The gnoll closely misses you.
You hit the gnoll but do no damage.
The gnoll is heavily wounded.
The gnoll closely misses you. x2
You hit the gnoll but do no damage.
You tail-slap the gnoll, but do no damage.
The gnoll is heavily wounded.
The gnoll hits you with a +0 whip.
The gnoll hits you from afar with a +0 halberd.
A gnoll comes into view. It is wielding a +0 halberd.
You hit the gnoll but do no damage.
You tail-slap the gnoll, but do no damage.
The gnoll is heavily wounded.
The gnoll barely misses you.
The gnoll hits you from afar with a +0 halberd!
* * * LOW HITPOINT WARNING * * *
The gnoll barely misses you.
The air fills with toxic fumes!
As you read the scroll labelled QOESOE CITOJYU, it crumbles to dust.
It was a scroll of poison.
The gnoll hits you with a +0 whip.
* * * LOW HITPOINT WARNING * * *
The gnoll hits you from afar with a +0 halberd!
You die...

... #' #.# #...#####.. ...###.
###§####.......... ......†
..§...†..........
..........########§#####.........
...............§§§...............
..#####...##...§§§.######..###...
..#"!?#......###g#.# #..####..
..#$$$#...#§§###§#.# #.<......
..#$))#...#§§§gg@#.# ####..#####.
..#####...#§######.# #....)# #.
.†........#...# #.# #.##.## ##
..........#...# #.# #.##.#
###..<........# #.# #.##.#
#..####.##### ##.##+#####
####.####.### #..#......#
............. ##.##......# #
......######## ##..##......# #


You could see 3 gnolls.

Vanquished Creatures
  A scorpion (D:2)
  2 adders (D:2)
  4 bats
  2 endoplasms
  A giant cockroach (D:2)
  2 hobgoblins
  A kobold (D:1)
  3 ball pythons
  2 rats (D:1)
18 creatures vanquished.

Vanquished Creatures (others)
  7 plants (D:1)
7 creatures vanquished.

Grand Total: 25 creatures vanquished

Notes
Turn   | Place    | Note
-------+----------+-------------------------------------------
     0 | D:1      | night the Draconian Conjurer began the quest for the Orb.
     0 | D:1      | Reached XP level 1. HP: 14/14 MP: 3/3
   272 | D:1      | Found a faded altar of an unknown god.
   287 | D:1      | Got Plato's Compilation of Calefaction
   405 | D:1      | Reached XP level 2. HP: 20/20 MP: 0/5
   890 | D:2      | Noticed a scorpion
   900 | D:2      | Killed a scorpion
   901 | D:2      | Reached XP level 3. HP: 18/26 MP: 1/7
   901 | D:2      | Reached XP level 4. HP: 23/33 MP: 1/8
   904 | D:2      | Learned a level 2 spell: Searing Ray
  1028 | D:2      | Reached skill level 5 in Conjurations
  1049 | D:2      | Slain by a gnoll

Illustrated notes

Levels and vault maps discovered:
D:1:      roderic_crop_circles_arrival_small, layout_rooms,
          shapermc_ecumenical_altar_rom_forum, serial_bayou_lake_a
D:2:      layout_basic, due_unseen_surprise

Skill      XL: |  1  2  3  4 |
---------------+-------------+-----
Spellcasting   | 3 |  3.3
Conjurations   | 5 |  5.0
Dodging        | |  1.7
Stealth        | |  1.7

Action                   |  1- 3 |  4- 6 || total
-------------------------+-------+-------++-------
Melee: Mace              |    15 |     5 ||    20
       Tailslap          |     2 |     2 ||     4
 Cast: Magic Dart        |    36 |     8 ||    44
  Use: Scroll            |     3 |     1 ||     4
Armor: Skin              |     9 |       ||     9
Dodge: Dodged            |    23 |     7 ||    30
